 Dungeon Crawl Stone Soup version 0.19-a0-649-gca8dce1 (webtiles) character file.

96 AlphabetPasta the Caller (level 4, 0/33 HPs)
             Began as a Ghoul Summoner on June 14, 2016.
             Killed from afar by Natasha (8 damage)
             ... with a wand of flame
             ... on level 3 of the Dungeon.
             The game lasted 00:11:38 (1636 turns).

AlphabetPasta the Caller (Ghoul Summoner)           Turns: 1636, Time: 00:11:39

Health: 0/33       AC:  2    Str: 11    XL:     4   Next: 67%
Magic:  2/6        EV: 12    Int: 11    God:
Gold:   135        SH:  0    Dex:  9    Spells: 3 memorised, 1 level left

rFire  . . .     SeeInvis .       - Unarmed
rCold  + . .     Gourm    .     a - +0 robe
rNeg   + + +     Faith    .     (no shield)
rPois  ∞         Spirit   .     (no helmet)
rElec  .         Dismiss  .     (no cloak)
rCorr  .         Reflect  .     (no gloves)
SustAt .         Harm     .     (no boots)
MR     .....                    (no amulet)
Stlth  ++........               (no ring)
                                (no ring)

@: very slightly contaminated, rotting, slowed, very slow, not resistant to
hostile enchantments, unstealthy
A: rotting body, claws 1, carnivore 3, cold resistance 1, negative energy
resistance 3, slow regeneration 1, torment resistance, unbreathing
a: no special abilities


You were on level 3 of the Dungeon.
You were not hungry.

You visited 1 branch of the dungeon, and saw 3 of its levels.

You collected 135 gold pieces.

Inventory:

Armour
 a - a +0 robe (worn)
Jewellery
 j - a cursed -2 ring of strength {unknown}
Scrolls
 e - 2 scrolls of noise {unknown}
 f - a scroll of magic mapping {unknown}
 i - 6 scrolls of identify {unknown}
 k - a scroll of fog {unknown}
 n - a scroll of enchant weapon {unknown}
Potions
 g - a potion of haste {unknown}
 h - 2 potions of resistance {unknown}
 l - 2 potions of agility {unknown}
Books
 b - a book of Callings

   Spells                             Type                      Level
   a - Summon Small Mammal            Summoning                    1
   b - Call Imp                       Summoning                    2
   c - Call Canine Familiar           Summoning                    3
   d - Summon Guardian Golem          Hexes/Summoning              3
   e - Summon Lightning Spire         Summoning/Air                4
   f - Summon Ice Beast               Ice/Summoning                4
Comestibles
 c - 2 meat rations
 d - 4 chunks of flesh
 m - a slice of pizza


   Skills:
 - Level 1.7 Dodging
 - Level 2.1 Stealth
 + Level 2.1 Unarmed Combat
 + Level 2.3 Spellcasting
 * Level 4.6 Summonings


You had one spell level left.
You knew the following spells:

 Your Spells              Type           Power        Failure   Level  Hunger
a - Summon Small Mammal   Summ           ##..         4%          1    ##.....
b - Call Imp              Summ           ##......     10%         2    ###....
c - Call Canine Familiar  Summ           ##......     14%         3    ####...


Dungeon Overview and Level Annotations

Branches:
Dungeon (3/15)

Altars:

Annotations:
D:3 Natasha


Innate Abilities, Weirdness & Mutations

Your body is rotting away.
You thrive on raw meat.
You are immune to poison.
You have sharp fingernails.
You are carnivorous and can eat meat at any time.
Your flesh is cold resistant. (rC+)
You are immune to negative energy. (rN+++)
You regenerate slowly when monsters are visible.
You are immune to unholy pain and torment.
You can survive without breathing.


Message History

Natasha zaps a wand.
The puff of flame misses you.
The puff of flame hits the crimson imp.
The crimson imp completely resists.
Natasha zaps a wand.
The puff of flame hits you!
* * * LOW HITPOINT WARNING * * *
You barely miss Natasha.
Natasha is heavily wounded.
Natasha closely misses you. The crimson imp barely misses you.
You closely miss Natasha.
Natasha is heavily wounded.
Natasha barely misses you. The crimson imp closely misses you. x2
Natasha casts a spell.
You barely miss Natasha.
Natasha is heavily wounded.
The crimson imp disappears in a puff of smoke!
Natasha stares at you and mumbles some strange words.
You feel as though you will be slow longer.
You scratch Natasha.
Natasha is severely wounded.
Natasha zaps a wand.
The puff of flame hits you!
You die...

.. .... ....###########
#............# #
#............####o#####
#.............§@h5wo...
.#............######.#..
...................[.
#.......#)#########.
#.....###.# #...#.# #.#
#.. #.# #.# #. #.# #.# #
#.# #.#


You could see a worm, an orc wizard, Natasha, a crimson imp and an orc.

Vanquished Creatures
  Natasha (D:3)
  An adder (D:2)
  An ooze (D:1)
  A worm (D:2)
  2 dart slugs
  2 orcs (D:3)
  5 bats (D:1)
  2 giant cockroaches (D:2)
  7 goblins
  2 hobgoblins
  3 giant newts
  4 kobolds
  3 rats (D:1)
34 creatures vanquished.

Vanquished Creatures (collateral kills)
  An orc wizard (D:3)
  An adder (D:3)
  2 worms (D:2)
  An orc (D:3)
  2 hobgoblins (D:1)
  A ball python (D:3)
  A kobold (D:3)
9 creatures vanquished.

Grand Total: 43 creatures vanquished

Notes
Turn   | Place    | Note
--------------------------------------------------------------
     0 | D:1      | AlphabetPasta the Ghoul Summoner began the quest for the Orb.
     0 | D:1      | Reached XP level 1. HP: 14/14 MP: 2/2
   143 | D:1      | Reached XP level 2. HP: 20/20 MP: 3/3
   149 | D:1      | Learned a level 2 spell: Call Imp
   405 | D:1      | Reached skill level 1 in Unarmed Combat
   405 | D:1      | Reached skill level 4 in Summonings
   743 | D:2      | Reached XP level 3. HP: 26/26 MP: 2/4
   895 | D:2      | Learned a level 3 spell: Call Canine Familiar
  1448 | D:3      | Reached XP level 4. HP: 33/33 MP: 6/6
  1529 | D:3      | Noticed Natasha
  1536 | D:3      | Killed Natasha
  1611 | D:3      | Noticed Natasha
  1636 | D:3      | Killed from afar by Natasha

Vault maps used:
D:1:      scummos_arrival_hexagon, minivault_27, st_stairs_10
D:2:      first_bread, item_on_display_a
D:3:      lemuel_castle_with_subvaults, good_gods_temple_1, uniq_natasha

Skill      XL: |  1  2  3  4 |
---------------+-------------+-----
Unarmed Combat | 1 2 |  2.1
Summonings     | 4 |  4.6
Spellcasting   | 2 |  2.3
Dodging        | |  1.7
Stealth        | |  2.1

Action                   |  1- 3 |  4- 6 || total
-------------------------+-------+-------++-------
Melee: Unarmed           |   145 |    42 ||   187
       Punch             |     1 |       ||     1
 Cast: Call Imp          |     6 |       ||     6
       Call Canine Famil |     3 |     2 ||     5
 Stab: Sleeping          |     4 |       ||     4
       Distracted        |     1 |       ||     1
  Eat: Chunk             |    24 |     6 ||    30
Armor: Robe              |    27 |     2 ||    29
Dodge: Dodged            |    80 |    20 ||   100
